 Dungeon Crawl Stone Soup version 0.18.1-47-g9310371 (webtiles) character file.

292 Peloso the Covered (level 6, -4/55 HPs)
             Began as a Minotaur Fighter on June 19, 2016.
             Slain by a phantom (7 damage)
             ... on level 3 of the Dungeon.
             The game lasted 00:04:40 (1884 turns).

Peloso the Covered (Minotaur Fighter)               Turns: 1884, Time: 00:04:40

Health: -4/55      AC:  7    Str: 20    XL:     6   Next: 10%
Magic:  5/5        EV:  9    Int:  5    God:
Gold:   151        SH: 10    Dex: 12    Spells: 0 memorised, 5 levels left

rFire  . . .     SeeInvis .     a - +0 long sword
rCold  . . .     Gourm    .     b - +0 scale mail
rNeg   . . .     Faith    .     c - +0 shield
rPois  .         Spirit   .     (helmet restricted)
rElec  .         Dismiss  .     (no cloak)
rCorr  .         Reflect  .     (no gloves)
SustAt .         Harm     .     (no boots)
MR     .....                    (no amulet)
Stlth  ..........               (no ring)
                                (no ring)

@: not resistant to hostile enchantments, extremely unstealthy
A: retaliatory headbutt, horns 2
a: no special abilities


You were on level 3 of the Dungeon.
You were not hungry.

You visited 1 branch of the dungeon, and saw 3 of its levels.

You collected 151 gold pieces.

Inventory:

Hand Weapons
 a - a +0 long sword (weapon)
Armour
 b - a +0 scale mail (worn)
 c - a +0 shield (worn)
Jewellery
 i - a cursed ring of loudness {unknown}
 n - an uncursed ring of poison resistance {unknown}
Scrolls
 h - a scroll of identify {unknown}
 k - 2 scrolls of fear {unknown}
 p - a scroll of fog {unknown}
 q - 4 scrolls of remove curse {unknown}
Potions
 d - 4 potions of might
 e - a potion of curing {unknown}
 g - a potion of mutation {unknown}
 j - 2 potions of degeneration {unknown}
 m - 2 potions of flight {unknown}
 o - 2 potions of lignification {unknown}
 r - a potion of cure mutation {unknown}
 s - a potion of resistance {unknown}
 t - a potion of haste {unknown}
Comestibles
 f - 4 bread rations
 l - 4 meat rations


   Skills:
 + Level 4.8 Fighting
 + Level 3.6 Long Blades
 + Level 5.2 Armour
 + Level 2.8 Dodging
 + Level 0.3 Stealth
 + Level 4.7 Shields


You had 5 spell levels left.
You didn't know any spells.

Dungeon Overview and Level Annotations

Branches:
Dungeon (3/15)

Altars:
Gozag
Trog
Vehumet


Innate Abilities, Weirdness & Mutations

You reflexively headbutt those who attack you in melee.
You have a pair of horns on your head.


Message History

The worm bites you but does no damage.
You slash the worm!
You kill the worm!
The phantom blinks!
Drink which item? (? for menu, Esc to quit)
Okay, then.
You hit the goblin.
You kill the goblin!
Unknown command.
You feel sick.
The phantom blinks!
You feel sick.
You are no longer poisoned.
You completely miss the phantom. Your headbutt misses the phantom.
The phantom is lightly damaged.
The phantom barely misses you.
You hit the phantom. Your headbutt misses the phantom.
The phantom is moderately damaged.
The phantom hits you!
You die...

#...####.####.#
#.#...........#
#.##.........## ##
#. #..##'##### ...
#..##.# #...
######(##.# .....
#......##.#
##....####...((.##.#
.......W@.).###..#.#
.....####)..# #....#
..##...o....# ##...#
#w.....#...(....#
......#######....#
...... ...# ......
..# ..... .....


You could see a phantom.

Vanquished Creatures
  Sigmund (D:3)
  An orc wizard (D:3)
  3 adders
  3 oozes
  2 worms
  3 dart slugs
  7 orcs (D:3)
  2 giant cockroaches
  5 goblins
  3 hobgoblins (D:1)
  4 jackals (D:1)
  A kobold (D:3)
  A ball python (D:1)
  7 bats
  2 giant newts
  2 rats (D:1)
47 creatures vanquished.

Notes
Turn   | Place    | Note
--------------------------------------------------------------
     0 | D:1      | Peloso the Minotaur Fighter began the quest for the Orb.
     0 | D:1      | Reached XP level 1. HP: 19/19 MP: 0/0
    41 | D:1      | Reached skill level 4 in Armour
    43 | D:1      | Reached XP level 2. HP: 14/27 MP: 1/1
   881 | D:2      | Reached XP level 3. HP: 33/33 MP: 2/2
  1311 | D:3      | Noticed Sigmund
  1322 | D:3      | Killed Sigmund
  1322 | D:3      | Reached skill level 5 in Armour
  1322 | D:3      | Reached XP level 4. HP: 33/41 MP: 3/3
  1322 | D:3      | Reached XP level 5. HP: 38/47 MP: 4/4
  1405 | D:3      | HP: 1/47 [something/puff of flame (5)]
  1422 | D:3      | Found a radiant altar of Vehumet.
  1660 | D:3      | Found a bloodstained altar of Trog.
  1710 | D:3      | Reached XP level 6. HP: 48/53 MP: 5/5
  1791 | D:3      | Found an opulent altar of Gozag.
  1875 | D:3      | HP: 2/55 [poisoned by an adder]
  1884 | D:3      | Slain by a phantom

Skill      XL: |  1  2  3 |
---------------+----------+-----
Armour         | 4 5 |  5.2
Fighting       | 4 |  4.8
Shields        | 4 |  4.7
Long Blades    | 3 |  3.6
Dodging        | 2 |  2.8
Stealth        | |  0.3

Action                   |  1- 3 |  4- 6 || total
-------------------------+-------+-------++-------
Melee: Long sword        |    59 |    84 ||   143
       Headbutt          |    11 |    11 ||    22
  Use: Potion            |     1 |     1 ||     2
  Eat: Chunk             |     1 |     2 ||     3
Armor: Scale mail        |    51 |    44 ||    95
Dodge: Dodged            |    34 |    26 ||    60
Block: Shield            |    37 |    37 ||    74
